 Dungeon Crawl Stone Soup version 0.13-a0-2940-gab44624 (webtiles) character file.

2252 PolkaDot the Conjurer (level 8, -4/50 HPs)
             Began as a Vampire Wizard on Sept 4, 2013.
             Was a Follower of Sif Muna.
             Killed from afar by an electric eel (12 damage)
             ... with a bolt of electricity
             ... on Level 7 of the Dungeon.
             The game lasted 00:34:41 (6130 turns).

PolkaDot the Conjurer (Vampire Wizard)              Turns: 6130, Time: 00:34:41

HP  -4/50        AC  3     Str  6      XL: 8   Next: 98%
MP   0/18        EV 21     Int 23      God: Sif Muna [*.....]
Gold 307         SH 12     Dex 17      Spells:  3 memorised,  6 levels left

Res.Fire  : . . .   See Invis. : +   k - +2 dagger (elec)
Res.Cold  : + . .   Warding    : .   y - +2 robe {rC+}
Life Prot.: + . .   Conserve   : +   q - +1 dwarf buckler (curse)
Res.Poison: .       Res.Corr.  : .   b - -1 wizard hat
Res.Elec. : .       Clarity    : .   (no cloak)
Sust.Abil.: . .     Spirit.Shd : .   (no gloves)
Res.Mut.  : .       Stasis     : .   (no boots)
Res.Rott. : .       Flight     : +   d - amulet of conservation
Saprovore : . . .                    p - +1 ring of intelligence
                                     v - +4 ring of evasion

@: agile, flying, very slightly contaminated, somewhat resistant to hostile
enchantments, very stealthy
A: bottle blood, fangs 3, see invisible, unbreathing
a: Bat Form, Bottle Blood, Channel Energy, Renounce Religion


You were on level 7 of the Dungeon.
You worshipped Sif Muna.
Sif Muna was pleased with you.
You were not thirsty.

You visited 2 branches of the dungeon, and saw 8 of its levels.

You collected 287 gold pieces.

Inventory:

Hand weapons
 k - a +2,+2 dagger of electrocution (weapon)
Armour
 b - a -1 wizard hat (worn)
 q - a cursed +1 dwarven buckler (worn)
 y - a +2 robe of cold resistance (worn)
Magical devices
 l - a wand of frost (14) {unknown}
Scrolls
 h - a scroll of curse jewellery {unknown}
 i - a scroll of identify
 j - a scroll of curse weapon {unknown}
 n - 2 scrolls of enchant weapon II
 s - a scroll of recharging {unknown}
 x - 2 scrolls of fear {unknown}
Jewellery
 d - an amulet of conservation (around neck)
 g - an uncursed ring of see invisible {unknown}
 p - a +1 ring of intelligence (right hand)
 t - an uncursed ring of teleportation
 u - an uncursed ring of protection from fire {unknown}
 v - a +4 ring of evasion (left hand)
 w - an uncursed ring of regeneration
Potions
 f - 3 potions of curing
 o - a potion of cure mutation
 r - a potion of flight
Books
 c - a book of Minor Magic

   Spells                             Type                      Level
   *Magic Dart                        Conjuration                  1
   Blink                              Translocation                2
   Call Imp                           Summoning                    2
   Repel Missiles                     Charms/Air                   2
   Slow                               Hexes                        2
   *Conjure Flame                     Conjuration/Fire             3
   *Mephitic Cloud                    Conjuration/Poison/Air       3


   Skills:
 - Level 2.1 Dodging
 - Level 3.0 Stealth
 + Level 2.9 Shields
 - Level 3.0 Spellcasting
 * Level 8.6 Conjurations
   Level 1.0 Summonings
   Level 0.7 Translocations


You had 6 spell levels left.
You knew the following spells:

 Your Spells              Type           Power        Failure   Level  Hunger
a - Magic Dart            Conj           ####         1%          1    None
d - Mephitic Cloud        Conj/Pois/Air  ###.....     12%         3    ###....
s - Conjure Flame         Conj/Fire      ###.....     8%          3    ###....


Dungeon Overview and Level Annotations

Branches:
Dungeon (7/27)             Temple (1/1) D:6
    Orc: D:6-11

Altars:
Cheibriados
Elyvilon
Fedhas
Kikubaaqudgha
Makhleb
Nemelex Xobeh
Okawaru
Sif Muna
Trog
Vehumet
Xom
Yredelemnul
the Shining One

Annotations:
D:6 oldblader's ghost, experienced GrFi


Innate Abilities, Weirdness & Mutations

You can bottle blood from corpses.
You have razor-sharp teeth.*
You have supernaturally acute eyesight.
You can survive without breathing.*


Message History

Confirm with . or Enter, or press ? or * to list all spells.
Aiming: Magic Dart
Press: ? - help, Shift-Dir - straight line, f/p - centaur
Aim: a centaur (steam, severely wounded, bewildered and confused)
The magic dart hits the centaur.
The centaur is almost dead.
You are engulfed in a cloud of scalding steam.
The plant is engulfed in a cloud of scalding steam.
The centaur hits the plant but does no damage.
The centaur is engulfed in a cloud of scalding steam.
The centaur hits the plant.
The electric eel is engulfed in a cloud of scalding steam.
A goblin comes into view. It is wielding an orcish club.
Casting: Magic Dart
Confirm with . or Enter, or press ? or * to list all spells.
You don't have enough magic to cast that spell.
The centaur hits the plant but does no damage.
The electric eel shoots out a bolt of electricity!
The bolt of electricity hits the plant.
The bolt of electricity hits you!
You die...

♣≈≈≈≈≈≈ #≈≈P§§P§
#§§≈§≈≈P≈ #P§≈§§§g§≈
#P§§P;PP{≈≈
#{JcP{P{{≈≈
####P§.PP....§
#....§.§§§...§.
#....§@..§.....
..#####.#§§.#######§.
>......<.....§§......
..#####.##§#.§......
#.##.##.##### #.##..
..$ ##.######.##
#...........
#..######.###


You could see a centaur (confused), a jellyfish, an electric eel and a goblin
(wandering).

Vanquished Creatures
  A hippogriff (D:5)
  An ice beast (D:5)
  2 sky beasts
  2 ogres
  2 centaurs
  A giant frog (D:7)
  4 killer bees (D:7)
  A jellyfish (D:7)
  A wight (D:7)
  2 electric eels (D:7)
  9 crimson imps
  A centaur zombie (D:5)
  A gnoll shaman (D:4)
  An iguana (D:7)
  An orc wizard (D:6)
  A jelly (D:6)
  An orc priest (D:6)
  7 worker ants
  An ogre skeleton (D:4)
  3 gnolls (D:4)
  4 adders
  3 worms
  A giant eyeball (D:4)
  4 giant geckos
  12 orcs
  A bat skeleton (D:4)
  2 bat zombies (D:6)
  3 giant cockroaches
  3 hobgoblins
  8 jackals (D:6)
  8 kobolds
  2 quokkas
  16 bats
  6 giant newts
  10 goblins
  17 rats
143 creatures vanquished.

Notes
Turn   | Place    | Note
--------------------------------------------------------------
     0 | D:1      | PolkaDot, the Vampire Wizard, began the quest for the Orb.
     0 | D:1      | Reached XP level 1. HP: 11/11 MP: 6/6
   179 | D:1      | Reached skill level 1 in Conjurations
   299 | D:1      | Reached XP level 2. HP: 17/17 MP: 2/8
  1038 | D:2      | Reached XP level 3. HP: 22/22 MP: 7/10
  1043 | D:2      | Learned a level 3 spell: Conjure Flame
  1047 | D:2      | Learned a level 3 spell: Mephitic Cloud
  1784 | D:3      | Reached XP level 4. HP: 28/28 MP: 7/12
  2360 | D:4      | Reached XP level 5. HP: 33/33 MP: 6/13
  2366 | D:4      | Paralysed by a giant eyeball for 4 turns
  2371 | D:4      | Reached skill level 4 in Conjurations
  2551 | D:4      | Paralysed by a crimson imp for 2 turns
  2556 | D:4      | Reached XP level 6. HP: 34/39 MP: 3/15
  2728 | D:4      | Found a shimmering altar of Xom.
  2950 | D:4      | Reached skill level 5 in Conjurations
  3173 | D:5      | Entered Level 5 of the Dungeon
  3356 | D:5      | Reached XP level 7. HP: 22/44 MP: 10/17
  3568 | D:5      | Reached skill level 6 in Conjurations
  3835 | D:5      | Noticed a hippogriff
  3841 | D:5      | Killed a hippogriff
  4315 | D:5      | Reached skill level 7 in Conjurations
  4413 | D:6      | Reached XP level 8. HP: 43/50 MP: 18/18
  4494 | D:6      | Found a staircase to the Ecumenical Temple.
  4503 | Temple   | Entered the Ecumenical Temple
  4727 | Temple   | Became a worshipper of Sif Muna the Loreminder
  5371 | D:6      | Noticed oldblader's ghost (experienced GrFi)
  5490 | D:7      | Reached skill level 1 in Shields
  5674 | D:7      | Reached skill level 8 in Conjurations
  5887 | D:7      | Acquired Sif Muna's first power
  5988 | D:7      | Found an ancient bone altar of Kikubaaqudgha.
  6130 | D:7      | Killed from afar by an electric eel

Action                   |  1- 3 |  4- 6 |  7- 9 || total
-------------------------+-------+-------+-------++-------
Melee: Dagger            |    23 |    47 |    81 ||   151
 Cast: Magic Dart        |    88 |   102 |   136 ||   326
       Conjure Flame     |     2 |     4 |    18 ||    24
       Mephitic Cloud    |       |     1 |     7 ||     8
 Abil: Bottle Blood      |       |       |     3 ||     3
  Use: Potion            |     1 |       |     6 ||     7
       Scroll            |       |    16 |     5 ||    21
 Stab: Sleeping          |       |       |     1 ||     1
       Confused          |       |       |     1 ||     1
